AoeStats
← ssuhsiang1022

African Clearing

506330262Analyzed
4v4 RM · 19d ago on Sep 13, 2026· 60m 8s· 8 players
Game mode
Random Map
Map size
Large (8 player)
Population
200
Speed
Normal
Resources
Standard
Victory
Conquest
Starting age
Dark Age
Ending age
Imperial Age
RankedLock teamsTeams togetherTeam positionsShared explorationLock speedFull tech treeHidden civsTurbo modeCheats
Victory
Defeat
🇳🇿 Franks · New Zealand
1055
+14
🇨🇳 Teutons · China
1026
+15
🇹🇼 Byzantines · Taiwan
979
+17
🇦🇺 Armenians · Australia
958
+17
🇺🇸 Tatars · United States
1060
-18
🇫🇮 Aztecs · Finland
1036
-17
🇲🇽 Vietnamese · Mexico
1006
-16
🇺🇸 Muisca · United States
915
-12
Nite_Hawk88
11:17 Loom
14:26 Feudal Age
16:08 Champi Runner
24:15 Castle Age
22:29 Horse Collar
25:20 Champi Warrior
26:02 Squires
29:00 Double-Bit Axe
29:07 Gold Mining
29:23 Heavy Plow
37:21 Scale Mail Armor
37:09 Pikeman
45:46 Imperial Age
43:56 Wheelbarrow
44:06 Bow Saw
46:28 Hand Cart
47:26 Elite Temple Guard
53:09 Chain Mail Armor
53:05 Forging
52:50 Elite Champi Warrior
DrinkFromMe6969
4:42 Loom
13:03 Feudal Age
14:00 Double-Bit Axe
13:59 Horse Collar
24:03 Castle Age
22:01 Gold Mining
23:27 Fletching
23:38 Padded Archer Armor
25:05 Bow Saw
24:53 Bodkin Arrow
25:14 Leather Archer Armor
25:41 Wheelbarrow
27:44 Bloodlines
28:07 Husbandry
31:47 Heavy Plow
38:38 Hand Cart
46:27 Imperial Age
45:15 Gold Shaft Mining
44:31 Stone Mining
46:42 Heavy Cavalry Archer
47:35 Bracer
48:25 Ring Archer Armor
48:35 Ballistics
49:16 Chemistry
56:22 Murder Holes
ing.bio.aaron
4:56 Loom
16:43 Feudal Age
17:12 Double-Bit Axe
17:31 Gold Mining
18:10 Horse Collar
18:19 Town Watch
19:11 Wheelbarrow
21:28 Fletching
22:08 Padded Archer Armor
23:29 Scale Mail Armor
31:10 Castle Age
32:02 Bodkin Arrow
31:30 Crossbowman
32:18 Thumb Ring
33:10 Ballistics
33:37 Leather Archer Armor
35:06 Bow Saw
34:49 Stone Mining
35:07 Heavy Plow
36:05 Chain Mail Armor
38:25 Stone Shaft Mining
38:07 Forging
39:25 Squires
40:06 Iron Casting
42:11 Murder Holes
46:21 Imperial Age
45:27 Scale Barding Armor
45:29 Chatras
46:05 Hand Cart
47:05 Bracer
48:45 Chemistry
48:22 Paper Money
49:50 Two-Man Saw
49:23 Crop Rotation
50:17 Ring Archer Armor
49:12 Pikeman
51:01 Plate Mail Armor
50:26 Arbalester
Pizzaboy
5:46 Loom
16:57 Feudal Age
21:21 Castle Age
20:27 Double-Bit Axe
21:33 Pikeman
23:21 Bow Saw
29:37 Horse Collar
32:45 Forging
32:36 Scale Mail Armor
33:24 Heavy Plow
33:55 Fletching
35:18 Iron Casting
37:43 Squires
38:14 Town Watch
39:40 Wheelbarrow
39:25 Chain Mail Armor
39:24 Bodkin Arrow
39:53 Gold Mining
40:05 Padded Archer Armor
43:17 Hand Cart
45:36 Redemption
51:13 Imperial Age
53:57 Capped Ram
ssuhsiang1022
15:37 Feudal Age
15:58 Loom
17:10 Man-at-Arms
18:11 Forging
20:37 Castle Age
20:56 Double-Bit Axe
21:20 Gold Mining
21:22 Horse Collar
23:21 Scale Barding Armor
26:52 Husbandry
32:26 Elite Skirmisher
38:33 Wheelbarrow
48:58 Stone Mining
49:50 Gold Shaft Mining
52:12 Hand Cart
53:57 Heavy Plow
59:55 Imperial Age
58:56 Iron Casting
58:24 Scale Mail Armor
58:47 Chain Barding Armor
58:19 Fletching
58:29 Padded Archer Armor
60:12 Scale Mail Armor
60:02 Elite Cataphract
61:03 Conscription
[OTM]thebearjew
4:41 Loom
14:36 Feudal Age
16:12 Wheelbarrow
21:03 Castle Age
22:10 Husbandry
22:05 Double-Bit Axe
33:05 Imperial Age
31:12 Scale Barding Armor
32:05 Hand Cart
32:22 Forging
32:38 Gold Mining
33:26 Chain Barding Armor
33:07 Cavalier
35:09 Plate Barding Armor
35:17 Iron Casting
36:42 Paladin
39:24 Blast Furnace
38:46 Conscription
38:28 Chivalry
41:23 Gold Shaft Mining
40:18 Pikeman
40:58 Squires
40:48 Arson
41:10 Scale Mail Armor
41:02 Fletching
42:25 Halberdier
44:43 Chain Mail Armor
53:47 Bodkin Arrow
54:23 Plate Mail Armor
53:54 Padded Archer Armor
54:06 Bow Saw
54:45 Elite Throwing Axeman
56:01 Hoardings
55:48 #83
懒洋洋大王
14:21 Feudal Age
19:10 Castle Age
29:01 Imperial Age
27:09 Wheelbarrow
26:19 Town Watch
26:20 Loom
32:00 Chemistry
31:21 Ballistics
31:57 Heavy Scorpion
34:23 Double-Bit Axe
34:25 Horse Collar
35:28 Conscription
36:31 Gold Mining
39:28 Capped Ram
1,327
7:10 Loom
16:22 Feudal Age
20:32 Castle Age
20:07 Horse Collar
20:15 Double-Bit Axe
23:43 Bow Saw
27:13 Gold Mining
27:16 Stone Mining
30:23 Wheelbarrow
32:28 Gold Shaft Mining
34:14 Hand Cart
38:30 Imperial Age
36:18 Forging
36:08 Scale Mail Armor
36:06 Murder Holes
41:32 Fereters
41:53 Fervor
42:08 Sanctity
44:39 Iron Casting
44:19 Chain Mail Armor
43:55 Fletching
45:07 Chemistry
44:28 Ballistics
44:19 Fortified Wall
44:20 Masonry
46:41 Conscription
47:00 Hoardings
45:47 Elite Composite Bowman
47:41 Padded Archer Armor
47:37 Bodkin Arrow
48:42 Blast Furnace
48:12 Plate Mail Armor
49:57 Caravan
54:51 Bracer
55:06 Leather Archer Armor
54:57 Scale Barding Armor
55:14 Bombard Tower
55:43 Guard Tower
Connection lost

Rejoining the realm…

Still unreachable

The connection could not be restored.

Session expired

The server has moved on; the page needs a fresh start.